 Dungeon Crawl Stone Soup version 0.29-a0-857-g9b1aa3ac5b (webtiles) character file.

Game seed: 12898383131624236364

21 Sabo the Digger (level 2, 20/20 HPs)
             Began as a Draconian Earth Elementalist on July 16, 2022.
             Was a Follower of Kikubaaqudgha.
             Got out of the dungeon alive.
             The game lasted 00:05:59 (1008 turns).

Sabo the Digger (Draconian Earth Elementalist)      Turns: 1008, Time: 00:05:59

Health: 20/20      AC:  4    Str: 10    XL:     2   Next: 62%
Magic:  3/5        EV: 12    Int: 15    God:    Kikubaaqudgha [*.....]
Gold:   42         SH:  0    Dex: 11    Spells: 4/5 levels left

rFire   . . .      SeeInvis .   h - +0 dagger
rCold   . . .      Faith    .   (no shield)
rNeg    . . .      Spirit   .   (body armour unavailable)
rPois   +          Reflect  .   (helmet restricted)
rElec   .          Harm     .   (no cloak)
rCorr   .          Rampage  .   (no gloves)
Will    .....                   (no boots)
Stlth   ++........              e - amulet of the acrobat
HPRegen 0.06/turn               f - ring of poison resistance
MPRegen 0.09/turn               (no ring)

@: no status effects
A: AC +4, unfitting armour, cold-blooded
a: Renounce Religion, Unearth Wretches


You escaped.
You worshipped Kikubaaqudgha.
Kikubaaqudgha was aware of your devotion.
You visited 1 branch of the dungeon, and saw 1 of its levels.

You collected 42 gold pieces.

Inventory:

Hand Weapons
 h - a +0 dagger (weapon)
Missiles
 g - 4 javelins (quivered)
Jewellery
 e - an amulet of the acrobat (around neck)
 f - a ring of poison resistance (left hand)
Scrolls
 b - a scroll of teleportation {unknown}
 c - a scroll of torment {unknown}
 i - a scroll of magic mapping {unknown}
Potions
 a - a potion of magic
 d - a potion of flight {unknown}


   Skills:
 + Level 1.7 Dodging
 + Level 1.7 Stealth
 + Level 0.1 Unarmed Combat
 + Level 2.1 Spellcasting
 + Level 1.0 Transmutations
 + Level 3.8 Earth Magic


You had 4 spell levels left.
You knew the following spells:

 Your Spells              Type           Power      Damage    Failure   Level
a - Sandblast             Erth           26%        2d8       4%          1

Your spell library contained the following spells:

 Spells                   Type           Power      Damage    Failure   Level
 Passwall                 Tmut/Erth      6%         N/A       12%         2
 Apportation              Tloc           2%         N/A       22%         1
 Necrotise                Necr           4%         1d4       22%         1
 Stone Arrow              Conj/Erth      14%        3d7       30%         3
 Sublimation of Blood     Necr           1%         N/A       32%         2
 Vampiric Draining        Necr           1%         2d6       54%         3
 Petrify                  Tmut/Erth      8%         N/A       63%         4
 Anguish                  Hex/Necr       0%         N/A       91%         4
 Alistair's Intoxication  Tmut/Pois      2%         N/A       99%         5


Dungeon Overview and Level Annotations

Branches:
Dungeon (1/15)

Altars:
Kikubaaqudgha

Shops:
D:1 [


Innate Abilities, Weirdness & Mutations

Your plain brown scales are hard. (AC +4)
You cannot fit into any form of body armour.
You are cold-blooded and may be slowed by cold attacks.


Message History

Confirm with . or Enter, or press ? or * to list all spells.
You can't see any susceptible monsters within range! (Use Z to cast anyway.) Unknown command.
You start resting.
Magic restored.
The goblin shouts!
Casting: Sandblast (safe; 4% risk of failure)
Confirm with . or Enter, or press ? or * to list all spells.
You can't see any susceptible monsters within range! (Use Z to cast anyway.)
Casting: Sandblast (safe; 4% risk of failure)
Confirm with . or Enter, or press ? or * to list all spells.
Aiming: Sandblast (safe; 4% risk of failure)
Press: ? - help, Shift-Dir - straight line, f - goblin
Aim: a goblin, wielding a +0 club (74% to hit)
The blast of sand hits the goblin!
You kill the goblin!
Kikubaaqudgha accepts your kill.
You start resting.
Magic restored.
Things that are here:
a +0 club; a goblin corpse
Found a scroll labelled AREMEFF FIUBBAT.
i - a scroll labelled AREMEFF FIUBBAT You see here a +0 robe.
You enter the shallow water.
Moving in this stuff is going to be slow.
There is an open door here.
Kikubaaqudgha calls piteous wretches from the earth!
A frilled lizard and a ball python come into view.
A nearby frilled lizard perishes wretchedly.
A nearby ball python perishes wretchedly.
There is a staircase leading out of the dungeon here.
You see here a ball python corpse.
There is an open door here.
You see here a frilled lizard corpse.
There is a staircase leading out of the dungeon here.
You see here a ball python corpse.
You can't go down here!
Are you sure you want to leave the Dungeon?
This will make you lose the game!
You have escaped!

#######.#.#.# ....###..###
........#.#.# ##### #....#.....
#######.#.#.###...# #....#...##
........#....≈##.## .#....#..>..
########.#.#.≈≈♣#'#♣≈≈#..#_..####
#..........#.≈≈≈≈≈≈≈≈≈♣..###.#
#.######.#.##≈≈P#†#♣≈≈#....#.#
#.# #....#.#..♣##.## .######.#
#.# #.####...###@..# # #..
#.###.######.####### ####
#.............# #####.######..#
....#.# #..# .##.#.# #..# .##.#.#
#..# ..#.#.######..#
.##...........#


There were no monsters in sight!

Vanquished Creatures
  2 dart slugs (D:1)
  A ball python (D:1)
  A bat (D:1)
  3 endoplasms (D:1)
  3 goblins (D:1)
  A hobgoblin (D:1)
  2 quokkas (D:1)
  A frilled lizard (D:1)
14 creatures vanquished.

Vanquished Creatures (others)
  A ball python (D:1)
  A frilled lizard (D:1)
2 creatures vanquished.

Grand Total: 16 creatures vanquished

Notes
Turn   | Place    | Note
-------+----------+-------------------------------------------
     0 | D:1      | Sabo the Draconian Earth Elementalist began the quest for
                  | the Orb.
     0 | D:1      | Reached XP level 1. HP: 14/14 MP: 3/3
   644 | D:1      | Found Zunaazawk's Antique Armour Shop.
   654 | D:1      | Reached XP level 2. HP: 20/20 MP: 5/5
   780 | D:1      | Found a faded altar of an unknown god.
   793 | D:1      | Prayed at the altar of an unknown god.
   793 | D:1      | Became a worshipper of Kikubaaqudgha
   793 | D:1      | Reached * piety under Kikubaaqudgha
   793 | D:1      | Received a gift from Kikubaaqudgha
  1008 | D:$      | Got out of the dungeon alive.

Illustrated notes

Levels and vault maps discovered:
D:1:      sevenhm_arrival_forest_fort_small_4, layout_basic, serial_shops,
          nicolae_diamond_shop, ebering_ecumenical_altar_rust

Action                   || total
-------------------------++-------
Melee: Unarmed           ||    13
       Tailslap          ||     1
       Dagger            ||     2
Throw: Javelin           ||     2
 Cast: Sandblast         ||    14
Invok: Unearth Wretches  ||     1
Armor: Skin              ||     2
Dodge: Dodged            ||     8

Table legend: (Time is in decaauts)
 A = Elapsed time spent in this place.
 B = Non-inter-level travel time spent in this place.
 C = Inter-level travel time spent in this place.
 D = Time resting spent in this place.
 E = Time spent auto-exploring this place.
 F = Levels seen in this place.
 G = Mean time per level.
                   A        B        C        D        E       F      G
               +--------+--------+--------+--------+--------+-----+--------+
         Total |   1029 |   1029 |      0 |    312 |      0 |   1 | 1029.0 |
       Dungeon |   1029 |   1029 |      0 |    312 |      0 |   1 | 1029.0 |
               +--------+--------+--------+--------+--------+-----+--------+

Top non-repeatable levels by time:
     D:1: 1029 daAuts
